 Dungeon Crawl Stone Soup version 0.23.2 (webtiles) character file.

Game seed: 17618281406146744099

19 Elric the Magician (level 2, -1/23 HPs)
             Began as a Draconian Wanderer on Apr 3, 2019.
             Slain by a kobold
             ... wielding a +0 short sword
              (5 damage)
             ... on level 2 of the Dungeon.
             The game lasted 00:01:51 (758 turns).

Elric the Magician (Draconian Wanderer)              Turns: 758, Time: 00:01:52

Health: -1/23      AC:  4    Str: 15    XL:     2   Next: 55%
Magic:  3/5        EV: 11    Int:  9    God:
Gold:   63         SH:  0    Dex: 12    Spells: 4/5 levels left

rFire    . . .     SeeInvis .   a - +0 club
rCold    . . .     Gourm    .   (no shield)
rNeg     . . .     Faith    .   (armour unavailable)
rPois    .         Spirit   .   (helmet restricted)
rElec    .         Reflect  .   (no cloak)
rCorr    .         Harm     .   (no gloves)
MR       .....                  (no boots)
Stlth    ++........             (no amulet)
HPRegen  0.07/turn              (no ring)
MPRegen  0.09/turn              (no ring)

@: no status effects
A: unfitting armour, cold-blooded, AC +4
a: no special abilities


You were on level 2 of the Dungeon.
You were not hungry.

You visited 1 branch of the dungeon, and saw 2 of its levels.

You collected 63 gold pieces.

Inventory:

Hand Weapons
 a - a +0 club (weapon)
Jewellery
 i - an uncursed ring of protection from fire {unknown}
Scrolls
 c - a scroll of teleportation {unknown}
 d - a scroll of remove curse {unknown}
 g - a scroll of amnesia {unknown}
 h - a scroll of identify {unknown}
 j - a scroll of enchant weapon {unknown}
Potions
 b - a potion of lignification
 e - 2 potions of curing {unknown}
 l - a potion of might {unknown}
Comestibles
 f - a ration
 k - a chunk of flesh


   Skills:
 + Level 1.0 Fighting
 - Level 1.0 Stealth
   Level 1.0 Shields
 + Level 2.3 Spellcasting
 * Level 1.4 Conjurations
   Level 1.0 Hexes
   Level 1.0 Summonings
   Level 2.0 Necromancy
   Level 2.0 Transmutations


You had 4 spell levels left.
You knew the following spells:

 Your Spells              Type           Power        Failure   Level  Hunger
a - Magic Dart            Conj           #...         19%         1    ##.....

Your spell library contained the following spells:

 Spells                   Type           Power        Failure   Level  Hunger
 Animate Skeleton         Necr           N/A          14%         1    ##.....
 Call Imp                 Summ           #.......     32%         2    ###....
 Slow                     Hex            #.......     32%         2    ###....
 Vampiric Draining        Necr           #.........   38%         3    ####...
 Blink                    Tloc           N/A          43%         2    ###....
 Conjure Flame            Conj/Fire      #.......     58%         3    ####...
 Mephitic Cloud           Conj/Pois/Air  #.......     63%         3    ####...


Dungeon Overview and Level Annotations

Branches:
Dungeon (2/15)

Altars:


Innate Abilities, Weirdness & Mutations

Your plain brown scales are hard. (AC +4)
You cannot fit into any form of body armour.
You are cold-blooded and may be slowed by cold attacks.


Message History

The kobold misses you.
The frilled lizard bites you but does no damage.
You are too injured to fight recklessly!
Casting: Magic Dart (safe; 19% risk of failure)
Confirm with . or Enter, or press ? or * to list all spells.
Aiming: Magic Dart (safe; 19% risk of failure)
Press: ? - help, Shift-Dir - straight line, f - frilled lizard
Aim: a frilled lizard The magic dart hits the frilled lizard.
You kill the frilled lizard!
The kobold hits you with a +0 short sword.
* * * LOW HITPOINT WARNING * * *
Casting: Magic Dart (safe; 19% risk of failure)
Confirm with . or Enter, or press ? or * to list all spells.
Aiming: Magic Dart (safe; 19% risk of failure)
Press: ? - help, Shift-Dir - straight line, f - kobold
Aim: a kobold, wielding a +0 short sword The magic dart hits the kobold but does no damage.
The kobold hits you with a +0 short sword.
You die...

###..... #####(.......
# #.#...#..... .# #.
#.......##.##.
#.###......>.....
#.#..b.........#
.#####.#.#K#........# .
....%.?..†@#........#.#
..####.#.#.#........[..
...#...............
(........##..<.......
..###########.......#.#
. ####.#### .# .# .#


You could see a bat and a kobold.

Vanquished Creatures
  A dart slug (D:1)
  A leopard gecko (D:1)
  A bat (D:1)
  2 giant cockroaches (D:1)
  2 goblins (D:1)
  A kobold (D:1)
  2 quokkas (D:2)
  3 frilled lizards
  2 rats
15 creatures vanquished.

Notes
Turn   | Place    | Note
-------+----------+-------------------------------------------
     0 | D:1      | Elric the Draconian Wanderer began the quest for the Orb.
     0 | D:1      | Elric set off with the following items: a +0 club, a potion
                  | of lignification, a ration; and the following spells
                  | available to memorise: Animate Skeleton, Magic Dart, Call
                  | Imp, Slow, Vampiric Draining, Blink, Conjure Flame,
                  | Mephitic Cloud
     0 | D:1      | Reached XP level 1. HP: 14/14 MP: 3/3
     2 | D:1      | Learned a level 1 spell: Magic Dart
   195 | D:1      | Reached skill level 1 in Conjurations
   195 | D:1      | Reached XP level 2. HP: 16/22 MP: 5/5
   756 | D:2      | Reached skill level 1 in Fighting
   758 | D:2      | Slain by a kobold

Skill      XL: |  1  2 |
---------------+-------+-----
Conjurations   | 1 |  1.4
Fighting       | 1 |  1.0
Stealth        | |  1.0
Shields        | |  1.0
Spellcasting   | |  2.3
Hexes          | |  1.0
Summonings     | |  1.0
Necromancy     | |  2.0
Transmutations | |  2.0

Action                   || total
-------------------------++-------
Melee: Club              ||    74
       Tailslap          ||     9
 Cast: Magic Dart        ||    10
 Stab: Sleeping          ||     1
Armor: Skin              ||    30
Dodge: Dodged            ||    69
